AoeStats
← 扒皮狗

Black Forest

507969089Analyzed
3v3 RM · 12d ago on Sep 20, 2026· 57m 47s· 6 players
Game mode
Random Map
Map size
Normal (6 player)
Population
200
Speed
Normal
Resources
Standard
Victory
Conquest
Starting age
Dark Age
Ending age
Imperial Age
RankedLock teamsTeams togetherTeam positionsShared explorationLock speedFull tech treeHidden civsTurbo modeCheats
Victory
Defeat
🇮🇹 Celts · Italy
1385
+17
🇩🇪 Persians · Germany
1383
+17
🇫🇮 Goths · Finland
1327
+19
🇨🇳 Japanese · China
1505
-22
🇨🇳 Persians · China
1465
-20
🇨🇳 Khmer · China
1238
-11
P1nGp0nG
11:22 Feudal Age
15:16 Castle Age
13:00 Fishing Lines
13:38 Double-Bit Axe
14:16 Horse Collar
16:54 Bow Saw
17:13 Heavy Plow
18:29 Gillnets
24:19 Wheelbarrow
23:37 Gold Mining
25:38 Gold Shaft Mining
24:56 Stone Mining
26:02 Hand Cart
25:57 Loom
27:17 Scale Barding Armor
27:22 Forging
28:44 Stone Shaft Mining
31:17 Imperial Age
29:11 Chain Barding Armor
29:26 Iron Casting
28:56 Husbandry
29:07 Bloodlines
30:45 Iron Casting
31:56 Conscription
31:42 Devotion
31:08 Elite War Elephant
31:17 Elite War Elephant
32:48 Crop Rotation
33:26 Two-Man Saw
33:27 Conscription
33:57 Plate Barding Armor
34:25 Blast Furnace
33:53 Fletching
35:30 Faith
37:59 Bodkin Arrow
49:17 Light Cavalry
54:54 Hussar
I Love Boobs
0:25 Loom
9:41 Feudal Age
15:36 Castle Age
15:10 Double-Bit Axe
16:26 Wheelbarrow
18:25 Bow Saw
26:09 Horse Collar
28:52 Heavy Plow
30:00 Anarchy
34:08 Imperial Age
32:23 Gold Mining
33:01 Stone Mining
33:31 Hand Cart
33:49 Town Watch
34:06 Scale Mail Armor
34:45 Forging
35:26 Elite Huskarl
35:57 Pikeman
36:33 Halberdier
38:04 Perfusion
39:41 Chain Mail Armor
40:01 Iron Casting
45:20 Chemistry
47:39 Squires
GdR_Salinaro
0:28 Loom
11:22 Feudal Age
15:52 Castle Age
13:58 Double-Bit Axe
14:46 Gold Mining
17:04 Bow Saw
29:21 Imperial Age
27:18 Stone Mining
28:17 Wheelbarrow
27:38 Horse Collar
29:45 Heavy Plow
30:43 Stone Shaft Mining
30:48 Gold Shaft Mining
31:42 Hand Cart
32:46 Caravan
33:51 Conscription
33:37 Heavy Scorpion
35:54 Siege Engineers
36:50 Chemistry
36:11 Ballistics
36:02 Masonry
35:47 Murder Holes
40:04 Capped Ram
41:41 Hoardings
41:17 Furor Celtica
41:49 Hoardings
40:54 Siege Ram
47:58 Stronghold
郁离
0:35 Loom
11:53 Feudal Age
13:23 Double-Bit Axe
16:08 Castle Age
14:05 Fishing Lines
15:09 Stone Mining
17:32 Bow Saw
19:38 Gillnets
20:42 Wheelbarrow
30:22 Imperial Age
28:07 Guard Tower
28:32 Scale Mail Armor
28:24 Fletching
29:19 Ballistics
29:11 Masonry
28:43 Treadmill Crane
28:58 Murder Holes
29:03 Gold Mining
29:26 Padded Archer Armor
29:55 Sanctity
30:43 Ballistics
30:20 Bodkin Arrow
31:04 Gold Shaft Mining
31:18 Yasama
31:40 Block Printing
31:37 Redemption
32:09 Keep
31:20 Arrowslits
33:06 Two-Man Saw
32:33 Hand Cart
34:01 Chemistry
32:53 Town Watch
33:23 Bracer
34:05 Chain Mail Armor
34:00 Forging
36:58 Illumination
39:02 Theocracy
40:29 Plate Mail Armor
扒皮狗
1:23 Loom
12:11 Feudal Age
16:38 Castle Age
16:11 Horse Collar
20:05 Wheelbarrow
19:59 Double-Bit Axe
26:59 Wheelbarrow
26:20 Gold Mining
26:57 Bow Saw
27:00 Heavy Plow
27:01 Stone Mining
28:59 Hand Cart
28:45 Town Watch
29:55 Gold Shaft Mining
30:14 Stone Shaft Mining
30:33 Ballistics
34:16 Imperial Age
31:47 Town Patrol
32:07 Fletching
32:15 Fletching
34:38 Bodkin Arrow
36:23 Conscription
36:07 Double Crossbow
36:23 Heavy Scorpion
38:30 Bracer
39:34 Chemistry
39:39 Bloodlines
38:50 Light Cavalry
39:31 Husbandry
42:36 Forging
42:26 Scale Mail Armor
42:32 Scale Barding Armor
43:55 Hussar
56:24 Siege Engineers
57:54 Padded Archer Armor
神明
9:51 Feudal Age
13:33 Castle Age
14:02 Double-Bit Axe
14:17 Horse Collar
15:22 Heavy Plow
18:03 Loom
19:06 Bow Saw
22:02 Wheelbarrow
21:17 Town Watch
25:22 Gold Mining
25:49 Hand Cart
29:42 Imperial Age
27:48 Scale Barding Armor
27:53 Forging
27:57 Bloodlines
27:48 Husbandry
27:58 Husbandry
29:02 Caravan
29:25 Chain Barding Armor
29:23 Cavalier
29:57 Heavy Camel Rider
31:41 Gold Shaft Mining
30:57 Stone Mining
32:30 Conscription
32:06 Savar
34:24 Two-Man Saw
34:25 Plate Barding Armor
35:06 Iron Casting
37:22 Town Patrol
38:49 Coinage
38:32 Guilds
42:56 Chemistry
42:18 Ballistics
41:58 Murder Holes
44:59 Elite War Elephant
46:49 Blast Furnace
45:49 Scale Mail Armor
53:48 Pikeman
54:29 Squires
54:14 Arson
Connection lost

Rejoining the realm…

Still unreachable

The connection could not be restored.

Session expired

The server has moved on; the page needs a fresh start.